MLB
LOS ANGELES DODGERS @ SAN DIEGO PADRES
08/26/2019
 
TOP OF THE 1ST
Los Angeles Dodgers batting - Pitching for San Diego Padres : RHP Justin Verlander
Pitching: RHP Justin Verlander
Batting: RHB Jose Peraza 0-0: Ball
1-0: Swinging Strike
1-1: Called Strike
1-2: Foul Ball, location: 2F
1-2: Strikes out swinging, 2-3 out at first.
Batting: RHB Mookie Betts 0-0: Swinging Strike
0-1: Ball
1-1: Ball
2-1: Foul Ball, location: 2F
2-2: Foul Ball, location: 2F
2-2: Foul Ball, location: 2F
2-2: Ball
3-2: Foul Ball, location: 2F
3-2: Foul Ball, location: 2F
3-2: Ground out 5-3 (Groundball, 5L, EV 90.6 MPH)
Batting: RHB Jonathan Schoop 0-0: Ball
1-0: Ball
2-0: Ball
3-0: Called Strike
3-1: Fly out, F6 (Popup, 6, EV 63.8 MPH)
Top of the 1st over - 0 runs, 0 hits, 0 errors, 0 left on base; Los Angeles 0 - San Diego 0
BOTTOM OF THE 1ST
San Diego Padres batting - Pitching for Los Angeles Dodgers : RHP Jeff Samardzija
Pitching: RHP Jeff Samardzija
Batting: RHB Lorenzo Cain 0-0: Ball
1-0: DOUBLE (Line Drive, 3D, EV 97.5 MPH)
Batting: RHB Mitch Haniger 0-0: Ball
1-0: Called Strike
1-1: Swinging Strike
1-2: Strikes out swinging
Batting: RHB Jose Altuve 0-0: Ball
1-0: Ball
2-0: Foul Ball, location: 2F
2-1: Foul Ball, location: 2F
2-2: Foul Ball, location: 2F
2-2: Foul Ball, location: 2F
2-2: Foul Ball, location: 2F
2-2: SINGLE (Groundball, 56D, EV 100.0 MPH)
Lorenzo Cain to third
Batting: RHB Hunter Renfroe 0-0: Swinging Strike
0-1: Ball
1-1: Ball
2-1: Foul Ball, location: 2F
2-2: Fielders Choice at 2nd, 1-6 (Groundball, 13S, EV 61.3 MPH)
Batting: SHB Carlos Santana 0-0: SINGLE (Groundball, 25, EV 70.0 MPH) (infield hit)
Lorenzo Cain scores
Hunter Renfroe to second
Batting: SHB Johan Camargo 0-0: Ball
1-0: Fly out, F8 (Flyball, 8RXD, EV 96.3 MPH)
Bottom of the 1st over - 1 run, 3 hits, 0 errors, 2 left on base; Los Angeles 0 - San Diego 1
TOP OF THE 2ND
Los Angeles Dodgers batting - Pitching for San Diego Padres : RHP Justin Verlander
Batting: LHB Brian Goodwin 0-0: Ball
1-0: Ball
2-0: Swinging Strike
2-1: Ball
3-1: Foul Ball, location: 2F
3-2: Strikes out swinging
Batting: RHB Josh Donaldson 0-0: Ball
1-0: Called Strike
1-1: Foul Ball, location: 2F
1-2: Ball
2-2: Foul Ball, location: 2F
2-2: Ball
3-2: Fly out, F8 (Line Drive, 8LM, EV 98.8 MPH)
Batting: RHB Randal Grichuk 0-0: Ball
1-0: Called Strike
1-1: SINGLE (Groundball, 6D, EV 103.8 MPH)
Batting: SHB Justin Smoak 0-0: Foul Ball, location: 2F
0-1: Ball
1-1: Swinging Strike
1-2: Ball
2-2: Strikes out looking
Top of the 2nd over - 0 runs, 1 hit, 0 errors, 1 left on base; Los Angeles 0 - San Diego 1
BOTTOM OF THE 2ND
San Diego Padres batting - Pitching for Los Angeles Dodgers : RHP Jeff Samardzija
Batting: RHB Yadier Molina 0-0: Ball
1-0: Ball
2-0: SINGLE (Groundball, 4S, EV 68.1 MPH) (infield hit)
Batting: RHB Amed Rosario 0-0: Called Strike
0-1: Ball
1-1: Called Strike
1-2: Grounds into double play, 4-6-3 (Groundball, 4, EV 88.8 MPH)
Batting: RHB Justin Verlander 0-0: Ball
1-0: Ball
2-0: Called Strike
2-1: Foul Ball, location: 2F
2-2: Foul Ball, location: 2F
2-2: Strikes out swinging
Bottom of the 2nd over - 0 runs, 1 hit, 0 errors, 0 left on base; Los Angeles 0 - San Diego 1
TOP OF THE 3RD
Los Angeles Dodgers batting - Pitching for San Diego Padres : RHP Justin Verlander
Batting: LHB Tony Wolters 0-0: Called Strike
0-1: Foul Ball, location: 2F
0-2: Ball
1-2: Ground out 6-3 (Groundball, 56D, EV 94.4 MPH)
Batting: RHB Jeff Samardzija 0-0: Ball
1-0: Ground out U3 (Groundball, 3, EV 85.0 MPH)
Batting: RHB Jose Peraza 0-0: Swinging Strike
0-1: Bunt for hit to 2R - play at first, batter OUT! 2-3
Top of the 3rd over - 0 runs, 0 hits, 0 errors, 0 left on base; Los Angeles 0 - San Diego 1
BOTTOM OF THE 3RD
San Diego Padres batting - Pitching for Los Angeles Dodgers : RHP Jeff Samardzija
Batting: RHB Lorenzo Cain 0-0: Ball
1-0: Swinging Strike
1-1: Foul Ball, location: 2F
1-2: Foul Ball, location: 2F
1-2: Strikes out swinging
Batting: RHB Mitch Haniger 0-0: Called Strike
0-1: Foul Ball, location: 2F
0-2: Ball
1-2: Ball
2-2: Foul Ball, location: 2F
2-2: Ground out 5-3 (Groundball, 56S, EV 87.5 MPH)
Batting: RHB Jose Altuve 0-0: Foul Ball, location: 2F
0-1: Fly out, F9 (Flyball, 9LSF, EV 88.8 MPH)
Bottom of the 3rd over - 0 runs, 0 hits, 0 errors, 0 left on base; Los Angeles 0 - San Diego 1
TOP OF THE 4TH
Los Angeles Dodgers batting - Pitching for San Diego Padres : RHP Justin Verlander
Batting: RHB Mookie Betts 0-0: Ball
1-0: Fly out, F8 (Line Drive, 8LD, EV 105.6 MPH)
Batting: RHB Jonathan Schoop 0-0: Ball
1-0: Fly out, F9 (Flyball, 9S, EV 97.5 MPH)
Batting: LHB Brian Goodwin 0-0: Ball
1-0: Called Strike
1-1: Foul Ball, location: 2F
1-2: Foul Ball, location: 2F
1-2: Ball
2-2: Fly out, F9 (Flyball, 9, EV 96.3 MPH)
Top of the 4th over - 0 runs, 0 hits, 0 errors, 0 left on base; Los Angeles 0 - San Diego 1
BOTTOM OF THE 4TH
San Diego Padres batting - Pitching for Los Angeles Dodgers : RHP Jeff Samardzija
Batting: RHB Hunter Renfroe 0-0: Ball
1-0: Called Strike
1-1: Ball
2-1: Fly out, F8 (Flyball, 8LD, EV 96.3 MPH)
Batting: SHB Carlos Santana 0-0: Ball
1-0: Called Strike
1-1: Called Strike
1-2: Strikes out swinging
Batting: SHB Johan Camargo 0-0: Ball
1-0: Ball
2-0: Ball
3-0: SOLO HOME RUN (Line Drive, 7LD, EV 103.1 MPH), Distance : 364 ft
Batting: RHB Yadier Molina 0-0: Ball
1-0: Called Strike
1-1: Swinging Strike
1-2: Ball
2-2: Foul Ball, location: 2F
2-2: SINGLE (Line Drive, 78S, EV 105.6 MPH)
Batting: RHB Amed Rosario 0-0: Swinging Strike
0-1: Fly out, F3 (Line Drive, 3, EV 68.1 MPH)
Bottom of the 4th over - 1 run, 2 hits, 0 errors, 1 left on base; Los Angeles 0 - San Diego 2
TOP OF THE 5TH
Los Angeles Dodgers batting - Pitching for San Diego Padres : RHP Justin Verlander
Batting: RHB Josh Donaldson 0-0: Called Strike
0-1: Ball
1-1: Ball
2-1: Foul Ball, location: 2F
2-2: Ball
3-2: Strikes out swinging
Batting: RHB Randal Grichuk 0-0: Foul Ball, location: 2F
0-1: Ball
1-1: Ball
2-1: Foul Ball, location: 2F
2-2: Strikes out swinging
Batting: SHB Justin Smoak 0-0: Ball
1-0: Called Strike
1-1: Foul Ball, location: 2F
1-2: Foul Ball, location: 2F
1-2: Strikes out looking
Top of the 5th over - 0 runs, 0 hits, 0 errors, 0 left on base; Los Angeles 0 - San Diego 2
BOTTOM OF THE 5TH
San Diego Padres batting - Pitching for Los Angeles Dodgers : RHP Jeff Samardzija
Batting: RHB Justin Verlander 0-0: Called Strike
0-1: Ball
1-1: Ball
2-1: Called Strike
2-2: Foul Ball, location: 2F
2-2: Fly out, F8 (Flyball, 8RM, EV 81.3 MPH)
Batting: RHB Lorenzo Cain 0-0: Called Strike
0-1: Swinging Strike
0-2: SINGLE (Groundball, 34D, EV 95.0 MPH)
Pitching: RHP Jacob Barnes
Batting: RHB Mitch Haniger 0-0: Ball
1-0: Ball
2-0: Called Strike
2-1: Ball
3-1: Base on Balls
Lorenzo Cain to second
Batting: RHB Jose Altuve 0-0: Ball
1-0: Swinging Strike
1-1: Ball
2-1: Fly out, F4 (Flyball, 4MD, EV 95.0 MPH)
Batting: RHB Hunter Renfroe 0-0: Foul Ball, location: 2F
0-1: SINGLE (Line Drive, 56, EV 103.8 MPH)
Lorenzo Cain to third
Mitch Haniger to second
Runner from 3rd tries for Home, SAFE, throw by LF to home
Batting: SHB Carlos Santana 0-0: Foul Ball, location: 2F
0-1: Foul Ball, location: 2F
0-2: Foul Ball, location: 2F
0-2: Strikes out swinging
Bottom of the 5th over - 1 run, 2 hits, 0 errors, 2 left on base; Los Angeles 0 - San Diego 3
TOP OF THE 6TH
Los Angeles Dodgers batting - Pitching for San Diego Padres : RHP Justin Verlander
Batting: LHB Tony Wolters 0-0: Called Strike
0-1: Called Strike
0-2: Ball
1-2: Ball
2-2: Strikes out swinging
Batting: RHB Jacob Barnes 0-0: Ground out 6-3 (Groundball, 6, EV 81.9 MPH)
Batting: RHB Jose Peraza 0-0: Called Strike
0-1: Ball
1-1: Foul Ball, location: 2F
1-2: Strikes out swinging
Top of the 6th over - 0 runs, 0 hits, 0 errors, 0 left on base; Los Angeles 0 - San Diego 3
BOTTOM OF THE 6TH
San Diego Padres batting - Pitching for Los Angeles Dodgers : RHP Jacob Barnes
Batting: SHB Johan Camargo 0-0: Called Strike
0-1: Ball
1-1: Foul Ball, location: 2F
1-2: Strikes out swinging
Batting: RHB Yadier Molina 0-0: Ball
1-0: Ball
2-0: Foul Ball, location: 2F
2-1: Ball
3-1: Base on Balls
Pitching: RHP Yoshihisa Hirano
Batting: RHB Amed Rosario 0-0: SINGLE (Line Drive, 89M, EV 95.0 MPH)
Yadier Molina to second
Batting: RHB Justin Verlander 0-0: Bunt - Flyout to P! F1
Batting: RHB Lorenzo Cain 0-0: Ball
Wild Pitch!
Yadier Molina to third
Amed Rosario to second
1-0: Ball
2-0: Ball
3-0: Base on Balls
Batting: RHB Mitch Haniger 0-0: Ball
1-0: Ball
2-0: Fly out, F7 (Flyball, 78S, EV 93.8 MPH)
Bottom of the 6th over - 0 runs, 1 hit, 0 errors, 3 left on base; Los Angeles 0 - San Diego 3
TOP OF THE 7TH
Los Angeles Dodgers batting - Pitching for San Diego Padres : RHP Justin Verlander
Batting: RHB Mookie Betts 0-0: Called Strike
0-1: DOUBLE (Flyball, 89D, EV 101.9 MPH)
Batting: RHB Jonathan Schoop 0-0: Ground out 5-3 (Groundball, 56S, EV 78.1 MPH)
Batting: LHB Brian Goodwin 0-0: Called Strike
0-1: Called Strike
0-2: Ball
Wild Pitch!
Mookie Betts to third
1-2: Strikes out swinging
Batting: RHB Josh Donaldson 0-0: Called Strike
0-1: Swinging Strike
0-2: Strikes out looking
Top of the 7th over - 0 runs, 1 hit, 0 errors, 1 left on base; Los Angeles 0 - San Diego 3
BOTTOM OF THE 7TH
San Diego Padres batting - Pitching for Los Angeles Dodgers : RHP Yoshihisa Hirano
Batting: RHB Jose Altuve 0-0: Ball
1-0: Ball
2-0: Ground out 6-3 (Groundball, 6, EV 81.9 MPH)
Batting: RHB Hunter Renfroe 0-0: Ball
1-0: Ground out 5-3 (Groundball, 56S, EV 87.5 MPH)
Batting: SHB Carlos Santana 0-0: Ball
1-0: Ground out 1-3 (Groundball, 13, EV 85.6 MPH)
Bottom of the 7th over - 0 runs, 0 hits, 0 errors, 0 left on base; Los Angeles 0 - San Diego 3
TOP OF THE 8TH
Los Angeles Dodgers batting - Pitching for San Diego Padres : RHP Justin Verlander
Batting: RHB Randal Grichuk 0-0: Called Strike
0-1: Ball
1-1: Ground out 4-3 (Groundball, 4, EV 84.4 MPH)
Batting: SHB Justin Smoak 0-0: Called Strike
0-1: Foul Ball, location: 2F
0-2: Ball
1-2: Ball
2-2: Fly out, F9 (Flyball, 89D, EV 89.4 MPH)
Batting: LHB Tony Wolters 0-0: Ball
1-0: Ball
2-0: Fly out, F7 (Line Drive, 7, EV 91.3 MPH)
Top of the 8th over - 0 runs, 0 hits, 0 errors, 0 left on base; Los Angeles 0 - San Diego 3
BOTTOM OF THE 8TH
San Diego Padres batting - Pitching for Los Angeles Dodgers : RHP Yoshihisa Hirano
Pitching: RHP Jonathan Holder
Batting: SHB Johan Camargo 0-0: Ball
1-0: Ball
2-0: Ball
3-0: Foul Ball, location: 2F
3-1: Ground out 6-3 (Groundball, 6, EV 100.6 MPH)
Batting: RHB Yadier Molina 0-0: Ball
1-0: Ground out 6-3 (Groundball, 6M, EV 83.1 MPH)
Batting: RHB Amed Rosario 0-0: Ball
1-0: SINGLE (Line Drive, 89M, EV 103.1 MPH)
Batting: RHB Justin Verlander 0-0: Foul Ball, location: 2F
0-1: Foul Ball, location: 2F
0-2: Foul Ball, location: 2F
0-2: Foul Ball, location: 2F
0-2: Ball
1-2: Ball
2-2: Strikes out swinging
Bottom of the 8th over - 0 runs, 1 hit, 0 errors, 1 left on base; Los Angeles 0 - San Diego 3
TOP OF THE 9TH
Los Angeles Dodgers batting - Pitching for San Diego Padres : RHP Justin Verlander
Pinch Hitting: RHB Evan Gattis 0-0: Called Strike
0-1: Called Strike
0-2: Fly out, F7 (Line Drive, 78S, EV 93.8 MPH)
Batting: RHB Jose Peraza 0-0: Ground out 4-3 (Groundball, 4, EV 99.4 MPH)
Batting: RHB Mookie Betts 0-0: Called Strike
0-1: Foul Ball, location: 2F
0-2: Fly out, F7 (Flyball, 7S, EV 72.5 MPH)
Top of the 9th over - 0 runs, 0 hits, 0 errors, 0 left on base; Los Angeles 0 - San Diego 3
Saturday, November 30th, 2019 - OOTP Baseball 20.8 Build 73